 Dungeon Crawl Stone Soup version 0.23.2-33-g5129a83184 (webtiles) character file.

Game seed: 13439652872004860288

100 truemonolith the Insei (level 4, -1/38 HPs)
             Began as a Draconian Monk on July 23, 2019.
             Slain by an iguana (13 damage)
             ... on level 2 of the Dungeon.
             The game lasted 00:03:09 (2099 turns).

truemonolith the Insei (Draconian Monk)             Turns: 2099, Time: 00:03:09

Health: -1/38      AC:  6    Str: 18    XL:     4   Next: 47%
Magic:  4/4        EV: 13    Int: 10    God:
Gold:   131        SH:  0    Dex: 15    Spells: 3/3 levels left

rFire    . . .     SeeInvis .     - Unarmed
rCold    . . .     Gourm    .   (no shield)
rNeg     . . .     Faith    .   (armour unavailable)
rPois    .         Spirit   .   (helmet restricted)
rElec    .         Reflect  .   (no cloak)
rCorr    .         Harm     .   i - +0 pair of gloves
MR       .....                  (no boots)
Stlth    ++........             (no amulet)
HPRegen  0.12/turn              (no ring)
MPRegen  0.09/turn              (no ring)

@: mighty
A: unfitting armour, cold-blooded, AC +5
a: no special abilities


You were on level 2 of the Dungeon.
You were hungry.

You visited 1 branch of the dungeon, and saw 2 of its levels.

You collected 131 gold pieces.

Inventory:

Armour
 i - a +0 pair of gloves (worn)
Jewellery
 c - an uncursed amulet of the gourmand {unknown}
 m - a +3 ring of intelligence {unknown}
Scrolls
 b - 2 scrolls of remove curse {unknown}
 d - 4 scrolls of enchant armour {unknown}
 e - a scroll of blinking {unknown}
 g - a scroll of immolation {unknown}
 j - 2 scrolls of identify {unknown}
 k - a scroll of teleportation {unknown}
 l - a scroll of enchant weapon {unknown}
 o - a scroll of random uselessness {unknown}
Potions
 h - a potion of haste {unknown}
 n - a potion of berserk rage {unknown}
Comestibles
 a - 5 rations


   Skills:
 - Level 3.2 Fighting
 - Level 2.6 Dodging
 - Level 1.7 Stealth
 + Level 5.3 Unarmed Combat


You had 3 spell levels left.
You didn't know any spells.
Your spell library was empty.

Dungeon Overview and Level Annotations

Branches:
Dungeon (2/15)

Altars:
Hepliaklqana
Trog


Innate Abilities, Weirdness & Mutations

Your plain brown scales are hard. (AC +5)
You cannot fit into any form of body armour.
You are cold-blooded and may be slowed by cold attacks.


Message History

The iguana barely misses you.
It was a potion of might.
You feel very mighty all of a sudden. The iguana misses you.
You closely miss the iguana.
The iguana is lightly wounded.
You closely miss the iguana.
The iguana is lightly wounded.
The iguana barely misses you.
You punch the iguana!
The iguana is heavily wounded.
The iguana barely misses you.
You hit the iguana but do no damage.
The iguana is heavily wounded.
You are feeling hungry.
The iguana misses you.
You hit the iguana.
The iguana is almost dead.
The iguana bites you!
You die...

######### #.......# #.......#
#.......# #.......##
####'##....# #........#.#
#.###.##.#l# #######
#.###.##.@.# #######.....#
#.##...##### #.....#.....#
####.##...#######.....#.....#
#^..>..........)'..(..'......
#.#####.#.#######.....#......
#...###.#.# #.....#......
###.#...#.# ####.....######.
#.##.##.# #........# ##
#.##.##.# #.....)..#


You could see an iguana.

Vanquished Creatures
  3 gnolls (D:2)
  2 oozes (D:1)
  2 worms (D:2)
  3 leopard geckos (D:1)
  3 giant cockroaches (D:1)
  3 goblins
  11 hobgoblins
  A quokka (D:2)
  4 bats
  6 frilled lizards
  12 kobolds
  7 rats
57 creatures vanquished.

Notes
Turn   | Place    | Note
-------+----------+-------------------------------------------
     0 | D:1      | truemonolith the Draconian Monk began the quest for the
                  | Orb.
     0 | D:1      | Reached XP level 1. HP: 19/19 MP: 1/1
    58 | D:1      | Reached XP level 2. HP: 22/26 MP: 2/2
   377 | D:1      | Reached skill level 4 in Unarmed Combat
   488 | D:1      | Reached XP level 3. HP: 31/31 MP: 3/3
  1189 | D:2      | Found a hazy altar of Hepliaklqana.
  1189 | D:2      | Found a bloodstained altar of Trog.
  1367 | D:2      | Reached skill level 5 in Unarmed Combat
  1367 | D:2      | Reached XP level 4. HP: 31/38 MP: 4/4
  2099 | D:2      | Slain by an iguana

Skill      XL: |  1  2  3 |
---------------+----------+-----
Unarmed Combat | 4 5 |  5.3
Fighting       | |  3.2
Dodging        | |  2.6
Stealth        | |  1.7

Action                   |  1- 3 |  4- 6 || total
-------------------------+-------+-------++-------
Melee: Unarmed           |   143 |    41 ||   184
       Tailslap          |    11 |     3 ||    14
       Punch             |     1 |       ||     1
  Use: Potion            |       |     1 ||     1
 Stab: Sleeping          |     1 |       ||     1
  Eat: Ration            |     1 |       ||     1
Armor: Skin              |    40 |     3 ||    43
Dodge: Dodged            |    90 |    20 ||   110
